Map: Emerald City LE

Players

Throwfordays

  • Race: Protoss Protoss
  • League: Silver
  • Spawn Location: 11:00

Faust

  • Race: Zerg Zerg
  • League: Diamond
  • Spawn Location: 11:00

kpa - Winner!

  • Race: Zerg Zerg
  • League: Diamond
  • Spawn Location: 5:00

CaS - Winner!

  • Race: Zerg Zerg
  • League: Platinum
  • Spawn Location: 5:00

VOD

Have the link to the VOD?

Description

Time

  • Played on: Feb. 10, 2019, 12:49 a.m.
  • Length: 15:18
Show
View Real Time Build Order
Export as new Build Order

Throwfordays Protoss 

Build Orders: 1 Gate Expand 

Get SALT Encoding   

  12  0:01  Probe  
  13  0:13  Probe  
  14  0:18  Pylon  
  14  0:25  Probe  
  15  0:37  Probe  
  15  0:38  Gateway  
  16  0:49  Probe  
  17  0:53  Assimilator  
  17  1:01  Probe  
  18  1:13  Probe  
  19  1:25  Cybernetics Core, Probe  
  20  1:37  Nexus  
  20  1:41  Warp Gate  
  20  1:44  Pylon  
  20  1:55  Forge  
  20  2:05  Pylon  
  20  2:19  Adept  
  20  2:22  Gateway  
  22  2:32  Gateway  
  22  2:38  Protoss Ground Weapons Level 1  
  22  2:44  Gateway  
  22  2:50  Assimilator  
  22  2:59  Probe  
  23  3:07  Probe  
  24  3:13  Probe  
  24  3:17  Probe  
  26  3:29  Probe  
  29  3:37  Stalker x3  
  33  3:41  Probe  
  33  3:48  Probe  
  34  3:53  Probe  
  36  3:56  Probe  
  37  4:05  Probe  
  37  4:06  Probe  
  39  4:13  Photon Cannon  
  39  4:16  Pylon  
  40  4:17  Probe  
  40  4:18  Probe  
  41  4:29  Probe  
  41  4:30  Probe  
  43  4:32  Twilight Council, Adept  
  43  4:33  Adept  
  43  4:36  Adept  
  49  4:40  Adept  
  49  4:41  Probe  
  49  4:42  Probe  
  53  4:57  Assimilator  
  53  4:58  Probe  
  54  5:01  Assimilator  
  54  5:10  Probe  
  55  5:17  Protoss Ground Weapons Level 2  
  55  5:26  Pylon  
  55  5:30  Probe  
  55  5:34  Resonating Glaives  
  56  5:42  Photon Cannon  
  56  5:45  Photon Cannon  
  56  5:47  Photon Cannon, Probe  
  58  5:50  Photon Cannon, Probe  
  58  5:53  Photon Cannon  
  58  5:54  Photon Cannon  
  58  5:59  Probe  
  58  6:01  Adept x2  
  58  6:02  Adept, Probe  
  66  6:11  Probe  
  66  6:14  Probe  
  68  6:22  Gateway  
  68  6:24  Gateway  
  68  6:33  Stalker  
  70  6:40  Pylon  
  70  6:42  Pylon  
  70  7:14  Blink  
  70  7:21  Stalker  
  70  7:22  Stalker x2  
  70  7:26  Protoss Ground Weapons Level 3  
  67  7:32  Stalker x4  
  75  7:48  Probe  
  76  8:06  Gateway  
  76  8:08  Gateway  
  76  8:20  Pylon  
  76  8:37  Nexus  
  76  8:40  Pylon  
  76  8:56  Gateway  
  76  8:58  Dark Shrine  
  76  9:00  Robotics Facility  
  76  9:02  Robotics Facility  
  76  9:04  Probe  
  76  9:06  Robotics Facility  
  77  9:11  Protoss Air Weapons Level 1  
  77  9:15  Charge  
  77  9:16  Probe  
  78  9:18  Forge  
  78  9:28  Probe  
  79  9:41  Probe  
  79  9:42  Stalker x4  
  79  9:43  Stalker x2  
  92  9:52  Pylon  
  92  9:53  Probe  
  93  10:11  Protoss Ground Armor Level 1  
  83  10:14  Stalker x3  
  83  10:15  Stalker x4  
  85  10:52  Stalker x2  
  85  10:53  Stalker x4  
  82  11:19  Adept x4  
  82  11:20  Adept x2  
  68  11:47  Dark Templar x4  
  68  11:48  Dark Templar x2  
  80  12:00  Robotics Facility  
  72  12:02  Robotics Facility  
  72  12:06  Protoss Ground Armor Level 2, Robotics Facility  
  72  12:10  Protoss Shields Level 1  
  60  12:45  Stalker  
  60  12:46  Stalker x5  
  72  12:54  Immortal  
  72  12:55  Immortal x2  
  84  13:01  Assimilator  
  84  13:05  Assimilator  
  84  13:10  Stalker  
  84  13:11  Stalker x2  
  90  13:13  Zealot x3  
  96  13:34  Immortal  
  100  13:41  Immortal  
  91  13:42  Immortal  
  81  14:18  Nexus  
  81  14:21  Pylon  
  81  14:22  Pylon  
  81  14:24  Pylon  
  81  14:26  Pylon  
  81  14:28  Pylon  
  81  14:30  Pylon  
  81  14:39  Nexus  
  81  14:49  Stalker x3  
  81  14:50  Stalker x3  
Show
View Real Time Build Order
Export as new Build Order

Faust Zerg 

Build Orders: 1 Base Baneling Bust, Pool First, Zergling Baneling 

Get SALT Encoding   

  12  0:01  Drone  
  13  0:08  Drone  
  14  0:14  Extractor  
  14  0:16  Drone  
  15  0:22  Overlord  
  15  0:42  Drone x2  
  17  0:44  Extractor  
  17  0:48  Spawning Pool  
  15  0:53  Drone  
  15  0:56  Drone  
  17  1:35  Zergling x6, Queen  
  22  1:46  Metabolic Boost  
  22  1:47  Overlord  
  22  2:09  Drone, Baneling Nest  
  22  2:14  Hatchery  
  21  2:15  Drone  
  21  2:19  Drone  
  22  2:50  Zergling x4  
  22  2:51  Zergling x6  
  27  2:55  Baneling x4  
  23  4:03  Zergling x2  
  23  4:04  Zergling x16  
  23  4:09  Queen  
  33  4:20  Baneling  
  33  4:21  Baneling x3  
  33  4:24  Drone x2  
  34  4:26  Lair  
  34  4:31  Drone  
  29  5:11  Drone x9  
  34  5:22  Hatchery  
  34  5:24  Drone  
  34  5:25  Drone  
  34  5:26  Extractor  
  34  5:28  Drone x2  
  34  5:30  Overlord  
  36  5:48  Overlord x3  
  36  5:53  Drone  
  36  5:54  Overlord  
  37  5:57  Hydralisk Den  
  37  6:01  Zergling x2  
  37  6:02  Zergling x8  
  39  6:15  Zergling x6  
  39  6:16  Zergling x2, Queen  
  45  6:23  Baneling x2  
  45  6:24  Drone x4  
  49  6:32  Spire  
  48  6:42  Baneling x2  
  48  6:47  Extractor  
  48  6:48  Drone x3  
  48  6:49  Extractor, Drone x3  
  52  6:58  Drone x5  
  52  6:59  Hatchery  
  56  7:04  Spore Crawler  
  55  7:08  Spore Crawler  
  55  7:10  Spore Crawler  
  55  7:11  Drone x2  
  55  7:22  Hydralisk  
  55  7:23  Hydralisk x2  
  61  7:37  Lurker Den  
  60  8:00  Overlord x2  
  60  8:01  Overlord x4  
  60  8:03  Drone  
  60  8:04  Drone x5  
  66  8:16  Queen  
  68  8:38  Drone x2  
  68  8:39  Extractor x2, Drone x4  
  72  8:43  Overlord x3  
  72  8:52  Hatchery  
  72  8:55  Drone x3  
  74  8:58  Drone x2  
  74  8:59  Drone x2  
  79  9:10  Drone x4  
  82  9:21  Zerg Flyer Weapons Level 1  
  82  9:24  Mutalisk  
  82  9:25  Mutalisk x6  
  82  9:29  Mutalisk x2  
  100  9:31  Mutalisk  
  102  9:39  Mutalisk  
  102  9:40  Mutalisk  
  102  9:41  Mutalisk  
  104  9:59  Lurker Den  
  103  10:03  Mutalisk  
  103  10:04  Mutalisk x5  
  103  10:06  Overlord x2  
  100  10:45  Zergling x2  
  97  10:56  Mutalisk x9  
  93  11:12  Mutalisk x3  
  99  11:24  Zergling x2  
  99  11:25  Zergling x12  
  106  11:26  Baneling x2  
  106  11:36  Zergling x2  
  106  11:37  Zergling x6  
  110  11:49  Baneling x5  
  110  11:50  Baneling x7  
  110  11:51  Zergling x2  
  110  11:52  Zergling x6  
  114  12:00  Baneling x3  
  114  12:01  Baneling x2  
  114  12:08  Centrifical Hooks  
  114  12:12  Hydralisk x3  
  114  12:13  Hydralisk x2  
  124  12:40  Lurker x2  
  122  13:06  Mutalisk  
  122  13:07  Mutalisk x3  
  107  13:37  Baneling  
  107  13:38  Baneling x12  
  78  14:04  Zergling x2  
  78  14:05  Mutalisk x2  
  78  14:06  Mutalisk x3  
  89  14:22  Overseer  
Show
View Real Time Build Order
Export as new Build Order

kpa Zerg - Winner!

Build Orders: Hatch First 

Get SALT Encoding   

  12  0:10  Drone  
  13  0:19  Overlord  
  13  0:23  Drone  
  14  0:38  Drone  
  14  0:41  Drone  
  16  0:58  Drone  
  16  1:00  Drone  
  16  1:02  Hatchery  
  17  1:17  Extractor  
  16  1:19  Spawning Pool  
  16  1:20  Drone  
  16  1:22  Drone  
  18  1:40  Drone x2  
  19  2:06  Queen  
  21  2:09  Zergling x2  
  21  2:13  Overlord  
  21  2:15  Queen  
  24  2:17  Zergling x2  
  24  2:18  Overlord  
  24  2:19  Metabolic Boost  
  25  2:37  Zergling x6  
  27  2:55  Drone x3  
  30  3:00  Drone x2  
  32  3:08  Roach Warren  
  31  3:19  Zergling x12  
  37  3:25  Spine Crawler  
  36  3:43  Overlord  
  36  3:44  Overlord  
  29  4:06  Drone x3  
  29  4:07  Drone x8  
  40  4:24  Lair  
  40  4:29  Spore Crawler  
  39  4:46  Roach  
  39  4:47  Roach x4  
  48  5:01  Roach  
  48  5:02  Roach  
  48  5:03  Overlord x2  
  52  5:11  Overlord  
  52  5:16  Overlord x2  
  52  5:17  Overlord  
  52  5:20  Spine Crawler  
  51  5:36  Drone x3  
  54  5:51  Extractor  
  54  5:52  Extractor  
  54  5:54  Drone x4, Hatchery  
  54  5:55  Drone, Evolution Chamber x2  
  52  6:16  Drone x3  
  52  6:17  Drone x2  
  52  6:18  Drone  
  58  6:23  Zerg Ground Armor Level 1, Zerg Missile Weapons Level 1  
  58  6:31  Spore Crawler  
  58  6:32  Drone  
  58  6:33  Drone  
  58  6:37  Glial Reconstitution  
  59  6:41  Extractor  
  59  6:44  Roach x5  
  68  7:00  Ravager  
  69  7:06  Drone  
  69  7:07  Queen, Drone x5  
  69  7:08  Drone  
  78  7:11  Extractor  
  77  7:28  Roach  
  77  7:29  Roach x8  
  91  7:40  Drone x2  
  91  7:41  Drone  
  94  7:56  Drone  
  94  7:57  Drone x3  
  98  8:00  Overlord x3  
  98  8:23  Roach x12  
  122  8:30  Hatchery  
  121  8:34  Overlord x2  
  121  8:35  Overseer, Overlord  
  121  8:51  Hydralisk Den  
  120  8:56  Drone x2  
  120  8:57  Drone x4  
  120  8:59  Drone x2  
  120  9:01  Extractor  
  120  9:02  Ravager x8  
  135  9:05  Drone x2  
  135  9:06  Drone  
  138  9:14  Zerg Missile Weapons Level 2  
  138  9:33  Overlord  
  138  9:34  Overlord  
  138  9:35  Overlord  
  138  9:38  Overlord  
  138  10:01  Roach x12  
  138  10:02  Roach x3  
  138  10:05  Overlord x3  
  138  10:06  Overlord x2  
  146  10:22  Hydralisk  
  146  10:23  Hydralisk x8  
  146  10:25  Spore Crawler  
  143  10:33  Grooved Spines  
  128  10:47  Spore Crawler  
  125  10:50  Hydralisk  
  125  10:51  Hydralisk x8  
  127  11:15  Overseer  
  127  11:16  Zerg Ground Armor Level 2  
  127  11:22  Roach x7  
  127  11:23  Roach x6  
  140  11:48  Hydralisk  
  140  11:49  Hydralisk  
  140  11:50  Hydralisk x9  
  162  11:55  Pneumatized Carapace  
  162  11:58  Drone x3  
  165  12:02  Spore Crawler  
  159  12:54  Spore Crawler  
  159  12:55  Drone x7  
  159  12:56  Drone x2  
  167  13:00  Spore Crawler  
  167  13:02  Spore Crawler  
  163  13:22  Roach  
  163  13:23  Roach x9  
  183  13:28  Muscular Augments  
  156  14:02  Hydralisk  
  97  14:03  Hydralisk x20  
  137  14:12  Extractor x2  
  135  14:20  Extractor, Hydralisk x4  
  135  14:21  Hatchery  
  141  14:24  Extractor  
  134  14:50  Hydralisk x6  
  134  14:51  Hydralisk  
  146  15:17  Spine Crawler  
Show
View Real Time Build Order
Export as new Build Order

CaS Zerg - Winner!

Build Orders: Hatch First 

Get SALT Encoding   

  12  0:01  Drone  
  13  0:13  Overlord  
  13  0:17  Drone  
  14  0:32  Drone x2  
  16  0:57  Extractor, Hatchery  
  14  1:05  Drone  
  15  1:14  Spawning Pool  
  15  1:16  Drone  
  15  1:27  Drone x2  
  15  1:29  Drone  
  18  1:57  Drone x2  
  18  2:01  Metabolic Boost  
  20  2:02  Queen  
  22  2:10  Zergling x4  
  24  2:15  Drone  
  23  2:43  Queen  
  24  2:49  Zergling x4  
  24  2:50  Zergling x4  
  28  2:54  Overlord  
  28  2:55  Overlord  
  28  3:15  Extractor  
  27  3:31  Baneling Nest  
  27  3:33  Evolution Chamber  
  25  3:38  Drone x7  
  25  3:39  Drone  
  25  4:06  Zergling x4  
  25  4:07  Zergling x2  
  28  4:14  Spine Crawler  
  27  4:20  Roach Warren  
  26  4:29  Baneling x2  
  26  4:30  Baneling  
  26  4:36  Drone x3  
  29  4:40  Drone x3  
  29  4:41  Drone x3  
  37  4:48  Overlord  
  37  4:49  Overlord  
  34  5:12  Zergling x2  
  34  5:13  Zergling x6  
  34  5:14  Zergling x8  
  41  5:21  Zerg Ground Armor Level 1  
  41  5:23  Lair  
  41  5:27  Drone  
  42  5:29  Drone  
  43  5:53  Extractor  
  43  5:54  Extractor  
  43  5:56  Baneling x4  
  43  5:57  Baneling x2  
  41  5:58  Zergling x10  
  41  5:59  Zergling x2, Overlord x2  
  47  6:38  Hatchery  
  46  6:46  Zergling x2  
  47  6:47  Zergling x6  
  47  6:48  Zergling x16  
  58  7:06  Overlord x2  
  58  7:18  Baneling x4  
  58  7:28  Hydralisk Den  
  57  7:52  Queen  
  57  7:55  Drone x4  
  57  7:56  Drone x5  
  68  8:05  Centrifical Hooks  
  68  8:09  Zerg Missile Weapons Level 1  
  68  8:14  Spire  
  67  8:23  Drone  
  67  8:24  Drone x4  
  72  8:27  Extractor x2  
  70  8:44  Drone x2  
  72  8:49  Overlord x3  
  72  8:53  Drone x6  
  72  8:54  Drone  
  79  10:02  Mutalisk  
  79  10:03  Mutalisk x15  
  79  10:04  Mutalisk  
  79  10:06  Overlord  
  91  10:58  Mutalisk x10  
  91  10:59  Mutalisk  
  100  11:26  Mutalisk x4  
  82  11:50  Mutalisk x4  
  90  12:01  Zerg Flyer Weapons Level 1  
  90  12:17  Hatchery  
  89  12:28  Mutalisk x5  
  99  12:49  Mutalisk  
  99  12:50  Mutalisk x2  
  105  12:55  Spore Crawler  
  105  12:57  Spore Crawler  
  103  12:58  Spore Crawler  
  100  13:18  Mutalisk  
  100  13:19  Mutalisk x4  
  110  13:43  Hatchery, Mutalisk  
  110  13:44  Mutalisk x3  
  117  13:55  Spore Crawler  
  116  13:57  Drone x2  
  116  13:58  Drone x3  
Tags
 
Add a new tag
Caveats
  • Supply blocks, unpowered buildings, or Contaminate may cause inaccurate times.
  • Supply counts are checked every 10 seconds.